 Dungeon Sprint DCSS version 0.22.1-1-ga44c0e56f4 (webtiles) character file.

58 MuseOD the Sneak (level 3, 0/19 HPs)
             Began as a Spriggan Enchanter on Sept 23, 2018.
             Splashed by an oklob sapling's acid (12 damage)
             ... in the Dungeon (Sprint IV: "Fedhas' Mad Dash").
             The game lasted 00:00:35 (168 turns).

MuseOD the Sneak (Spriggan Enchanter)                Turns: 168, Time: 00:00:36

Health: 0/19       AC:  2    Str:  4    XL:     3   Next: 76%
Magic:  8/8        EV: 18    Int: 17    God:
Gold:   51         SH:  0    Dex: 16    Spells: 1/7 levels left

rFire    . . .     SeeInvis +   a - +1 dagger
rCold    . . .     Gourm    .   (shield restricted)
rNeg     . . .     Faith    .   b - +0 robe
rPois    .         Spirit   .   (helmet restricted)
rElec    .         Reflect  .   (no cloak)
rCorr    .         Harm     .   (gloves unavailable)
MR       .....     NoTele   +   (boots unavailable)
Stlth    ++++......             (no amulet)
HPRegen  0.06/turn              (no ring)
MPRegen  0.11/turn              (no ring)

@: very quick
A: very small, unfitting armour, see invisible, herbivore, speed 3, slow
metabolism 2
a: no special abilities


You were in the Dungeon.
You were not hungry.

You visited 1 branch You collected 51 gold pieces.

Inventory:

Hand Weapons
 a - a +1 dagger (weapon)
Armour
 b - a +0 robe (worn)
Jewellery
 c - the amulet of invisibility {+Inv}
   (You found it in the Dungeon)

   [amulet of nothing]

   It lets you turn invisible.
Scrolls
 j - a scroll of blinking
 k - a scroll of immolation {unknown}
Potions
 e - a potion of curing
 f - a potion of heal wounds
 g - a potion of haste
 h - 2 potions of magic
 i - a potion of berserk rage
Comestibles
 d - a ration


   Skills:
 + Level 2.8 Fighting
 * Level 5.7 Short Blades
 - Level 3.0 Dodging
 + Level 7.3 Stealth
 - Level 2.6 Spellcasting
 - Level 3.6 Hexes


You had one spell level left.
You knew the following spells:

 Your Spells              Type           Power        Failure   Level  Hunger
a - Corona                Hex            ##.....      4%          1    #......
b - Ensorcelled Hibernat  Hex/Ice        #.....       13%         2    ##.....
c - Confuse               Hex            ##......     12%         3    ###....

Your spell library contained the following spells:

 Spells                   Type           Power        Failure   Level  Hunger
 Tukima's Dance           Hex            ##......     12%         3    ###....
 Dazzling Spray           Conj/Hex       #.....       26%         3    ###....


Dungeon Overview and Level Annotations

Branches:
Dungeon (1/1)

Altars:

Annotations:
D exclusion: oklob sapling


Innate Abilities, Weirdness & Mutations

You are very small and have problems with some larger weapons.
You are too small for most types of armour.
You have supernaturally acute eyesight. (SInv)
You are a herbivore.
You cover ground extremely quickly.
You need to consume almost no food.


Message History

Your Short Blades skill increases to level 5!
Your Stealth skill increases to level 7!
You now have 12 gold pieces (gained 5).
Unknown command.
You see here a ring mail.
c - the amulet of invisibility {+Inv} You see here a ring mail.
You now have 25 gold pieces (gained 13).
You now have 40 gold pieces (gained 15).
You now have 51 gold pieces (gained 11).
k - a scroll labeled HALAELLONI Unknown command.
You open the door.
Marking area around the oklob sapling as unsafe for travelling.
An oklob sapling comes into view.
Found 21 gold pieces.
The oklob sapling spits acid at you. The splash of acid hits you!
You are splashed with acid!
The acid burns!
Ouch! That really hurt!
You die...

##################
#<...#.....#.....#
#PP..'.....'.#[..+
#PPPP#...†.#.#...#
###############@##
+...# #$P$# #####


You could see an oklob sapling.

Vanquished Creatures
  An oklob sapling (D)
  A worker ant (D)
  A river rat (D)
  A rat (D)
  A fungus (D)
5 creatures vanquished.

Notes
Turn   | Place    | Note
-------+----------+-------------------------------------------
     0 | D        | MuseOD the Spriggan Enchanter began the quest for the Orb.
     0 | D        | Reached XP level 1. HP: 9/9 MP: 5/5
    36 | D        | Reached skill level 1 in Fighting
    36 | D        | Reached skill level 5 in Stealth
    36 | D        | Reached XP level 2. HP: 14/14 MP: 6/6
    47 | D        | Learned a level 2 spell: Ensorcelled Hibernation
   141 | D        | Noticed an oklob sapling
   143 | D        | Killed an oklob sapling
   143 | D        | Reached skill level 6 in Stealth
   143 | D        | Reached XP level 3. HP: 18/18 MP: 8/8
   148 | D        | Learned a level 3 spell: Confuse
   150 | D        | Found the amulet of invisibility {+Inv}
   151 | D        | Reached skill level 5 in Short Blades
   151 | D        | Reached skill level 7 in Stealth
   167 | D        | Noticed an oklob sapling
   168 | D        | Splashed by an oklob sapling's acid

Skill      XL: |  1  2  3 |
---------------+----------+-----
Fighting       | 1 2 |  2.8
Short Blades   | 3 4 5 |  5.7
Stealth        | 5 6 7 |  7.3
Dodging        | |  3.0
Spellcasting   | |  2.6
Hexes          | |  3.6

Action                   || total
-------------------------++-------
Melee: Dagger            ||    36
 Stab: Sleeping          ||     3
Dodge: Dodged            ||     3
